 Dungeon Crawl Stone Soup version 0.16.2-12-gd0ad4c3 (webtiles) character file.

51 dvd the Vandal (level 4, -9/29 HPs)
             Began as a Halfling Hunter on Oct 31, 2015.
             Mangled by a gnoll
             ... wielding a +0 halberd
              (15 damage)
             ... on level 1 of the Dungeon.
             The game lasted 00:07:05 (1212 turns).

dvd the Vandal (Halfling Hunter)                    Turns: 1212, Time: 00:07:06

Health: -9/29      AC:  3    Str: 12    XL:     4   Next: 5%
Magic:  4/4        EV: 14    Int: 10    God:
Gold:   50         SH:  0    Dex: 15    Spells: 0 memorised, 3 levels left

rFire  . . .     SeeInvis .     b - +1 hunting sling
rCold  . . .     Clarity  .     d - +0 leather armour
rNeg   . . .     SustAb   .     (no shield)
rPois  .         Gourm    +     (no helmet)
rElec  .         Spirit   .     (no cloak)
rCorr  .         Warding  .     (no gloves)
rMut   .         Stasis   .     (no boots)
MR     .....                    q - amulet of the gourmand
Stlth  ++........               (no ring)
                                (no ring)

@: not resistant to hostile enchantments, unstealthy
A: mutation resistance 1
a: no special abilities


You were on level 1 of the Dungeon.
You were not hungry.

You visited 1 branch of the dungeon, and saw 2 of its levels.

You collected 50 gold pieces.

Inventory:

Hand weapons
 a - a +0 short sword
 b - a +1 hunting sling (weapon)
 i - a +0 dagger
Missiles
 c - 5 sling bullets (quivered)
 g - 7 stones
Armour
 d - a +0 leather armour (worn)
Jewellery
 q - an amulet of the gourmand (around neck)
Scrolls
 e - a scroll of enchant armour {unknown}
 k - 2 scrolls of remove curse {unknown}
 o - a scroll of enchant weapon {unknown}
Potions
 h - a potion of heal wounds {unknown}
 j - a potion of cure mutation {unknown}
 m - a potion of curing {unknown}
Comestibles
 f - 3 bread rations
 l - a meat ration
 n - 3 fruits


   Skills:
 + Level 1.8 Fighting
 + Level 7.3 Slings
 + Level 1.2 Armour
 + Level 2.2 Dodging
 + Level 1.3 Stealth


You had 3 spell levels left.
You didn't know any spells.

Dungeon Overview and Level Annotations

Branches:
Dungeon (2/15)

Altars:


Innate Abilities, Weirdness & Mutations

You are small and have problems with some larger weapons.
You are somewhat resistant to further mutation.


Message History

The gnoll completely misses you.
Firing (i - inventory. (,) - cycle):
c - 8 sling bullets (quivered)
Press: ? - help, Shift-Dir - straight line, f/p - gnoll
Aim: a gnoll, wielding a halberd (moderately wounded)
You shoot a sling bullet.
The sling bullet closely misses the gnoll.
Firing (i - inventory. (,) - cycle):
c - 7 sling bullets (quivered)
Press: ? - help, Shift-Dir - straight line, f/p - gnoll
Aim: a gnoll, wielding a halberd (moderately wounded)
You shoot a sling bullet.
The sling bullet barely misses the gnoll.
The gnoll closely misses you.
Firing (i - inventory. (,) - cycle):
c - 6 sling bullets (quivered)
Press: ? - help, Shift-Dir - straight line, f/p - gnoll
Aim: a gnoll, wielding a halberd (moderately wounded)
You shoot a sling bullet. The sling bullet hits the gnoll.
The gnoll is heavily wounded.
The gnoll hits you from afar with a halberd!
Ouch! That really hurt!
You die...

.........')......#.# #.#
.........####...##.###.#
#.......## ##.........#
##.....## ##....#####
##...## #....# ##+##
#...## #.# ##.## #.####
#.# ####.##.## #@#
#........## #.#
..........# #g#
.........### #.#
##.........#####.#
#..#..#.........(#
..#.#..###.#######
.#...#......#
#.....#####.#


You could see a gnoll.

Vanquished Creatures
  2 gnolls (D:1)
  A giant gecko (D:1)
  4 hobgoblins (D:1)
  2 jackals (D:1)
  8 bats (D:1)
  A giant newt (D:1)
  3 goblins (D:1)
  5 kobolds (D:1)
  5 rats (D:1)
31 creatures vanquished.

Notes
Turn   | Place    | Note
--------------------------------------------------------------
     0 | D:1      | dvd, the Halfling Hunter, began the quest for the Orb.
     0 | D:1      | Reached XP level 1. HP: 14/14 MP: 1/1
    31 | D:1      | Reached skill level 6 in Slings
   167 | D:1      | Reached XP level 2. HP: 13/19 MP: 2/2
   609 | D:1      | Reached XP level 3. HP: 21/24 MP: 3/3
   795 | D:1      | Reached skill level 7 in Slings
  1088 | D:1      | Reached skill level 1 in Armour
  1153 | D:1      | Reached XP level 4. HP: 20/29 MP: 4/4
  1156 | D:1      | HP: 1/29 [gnoll/halberd (16)]
  1212 | D:1      | Mangled by a gnoll

Action                   |  1- 3 |  4- 6 || total
-------------------------+-------+-------++-------
Melee: Short sword       |     2 |       ||     2
 Fire: Hunting sling     |    71 |     7 ||    78
 Stab: Sleeping          |     1 |       ||     1
  Eat: Chunk             |     6 |       ||     6
